 Dungeon Crawl Stone Soup version 0.23.2-33-g5129a83184 (webtiles) character file.

Game seed: 2095011983110371940

205 Folque the Digger (level 5, -6/41 HPs)
             Began as a Draconian Earth Elementalist on July 26, 2019.
             Mangled by Sigmund
             ... wielding a +0 scythe
              (12 damage)
             ... on level 2 of the Dungeon.
             The game lasted 00:08:02 (2749 turns).

Folque the Digger (Draconian Earth Elementalist)    Turns: 2749, Time: 00:08:02

Health: -6/41      AC:  7    Str:  7 (10) XL:     5   Next: 52%
Magic:  9/9        EV: 12    Int: 12 (15) God:
Gold:   109        SH:  0    Dex:  9 (11) Spells: 4/10 levels left

rFire    . . .     SeeInvis .   n - +4 mace (protect)
rCold    . . .     Gourm    .   (no shield)
rNeg     . . .     Faith    .   (armour unavailable)
rPois    .         Spirit   .   (helmet restricted)
rElec    .         Reflect  .   r - +0 cloak
rCorr    .         Harm     .   (no gloves)
MR       .....                  (no boots)
Stlth    ++........             (no amulet)
HPRegen  0.13/turn              g - +1 ring of protection
MPRegen  0.11/turn              (no ring)

@: about to teleport
A: unfitting armour, blink, dopey 1, screaming 1, cold-blooded, AC +5
a: Blink


You were on level 2 of the Dungeon.
You were not hungry.

You visited 1 branch of the dungeon, and saw 3 of its levels.

You collected 109 gold pieces.

Inventory:

Hand Weapons
 h - a +0 dagger
 n - a +4 mace of protection (weapon)
Missiles
 b - 128 stones (quivered)
Armour
 r - a +0 cloak (worn)
Jewellery
 f - an uncursed ring of positive energy
 g - a +1 ring of protection (left hand)
 j - an uncursed ring of magical power {unknown}
 m - a cursed ring of teleportation {unknown}
Scrolls
 a - 2 scrolls of identify
 d - a scroll of magic mapping
 s - a scroll of remove curse {unknown}
Potions
 l - a potion of agility
 p - 2 potions of degeneration
Comestibles
 c - 6 rations
 o - 3 chunks of flesh


   Skills:
 - Level 2.0 Fighting
 - Level 1.7 Dodging
 - Level 1.7 Stealth
 + Level 3.2 Spellcasting
 + Level 2.6 Conjurations
 - Level 1.0 Transmutations
 * Level 4.2 Earth Magic


You had 4 spell levels left.
You knew the following spells:

 Your Spells              Type           Power        Failure   Level  Hunger
a - Sandblast             Erth           ##....       4%          1    #......
b - Passwall              Tmut/Erth      #.......     12%         2    ###....
c - Stone Arrow           Conj/Erth      ##....       17%         3    ###....

Your spell library contained the following spells:

 Spells                   Type           Power        Failure   Level  Hunger
 Petrify                  Tmut/Erth      #.......     63%         4    #####..
 Lee's Rapid Deconstruct  Erth           ##........   75%         5    ######.


Dungeon Overview and Level Annotations

Branches:
Dungeon (3/15)

Altars:
Cheibriados

Annotations:
D:2 Sigmund


Innate Abilities, Weirdness & Mutations

Your plain brown scales are hard. (AC +5)
You cannot fit into any form of body armour.
You are cold-blooded and may be slowed by cold attacks.
You can translocate small distances at will.
You are dopey. (Int -2)
You occasionally shout uncontrollably at your foes.


Message History

There is a stone staircase leading down here.
It was a potion of degeneration.
There was something very wrong with that liquid.
You feel weakened.
You feel dopey.
You feel clumsy.
It was a potion of mutation.
You feel extremely strange.
You feel the urge to shout.
You feel stupid.
You feel jittery.
You hear some strange, mumbled words.
You are confused.
Okay, then.
You're too confused to move!
Your magical effects are unravelling.
You feel magically purged.
You feel less confused.
You feel a little less agile now. Something hits you!
* * * LOW HITPOINT WARNING * * *
Okay, then.
As you read the scroll labeled KIOZAO IRUE, it crumbles to dust.
You feel strangely unstable.
It was a scroll of teleportation.
Something hits you!
You die...

## #########
####.......#
#..........#
##############
#########....#
#>...........# ##8###8
#....'
#.#####......##8...8..
#.#### #...#
#)..[..##.........##.#
## ###.#
#......#@......(.._#.#
#. #.#
###....##)........####
#. #.#
#....##8...8...8## #.
#####'#####....#
##8###8## #####.
#........##....### ##
######.....
.........######..###
##.....#####
+..+###..## #....#
#......# ....# #...##
#....# #..##### ....♣
#..).# #....# #..#


There were no monsters in sight!

Vanquished Creatures
  Crazy Yiuf (D:2)
  Robin (D:2)
  3 gnolls
  2 adders
  2 worms
  5 dart slugs
  7 leopard geckos
  3 orcs (D:3)
  3 ball pythons
  A giant cockroach (D:1)
  17 goblins
  12 hobgoblins
  4 jackals (D:3)
  2 quokkas
  8 bats
  2 frilled lizards
  9 kobolds
  5 rats
87 creatures vanquished.

Notes
Turn   | Place    | Note
-------+----------+-------------------------------------------
     0 | D:1      | Folque the Draconian Earth Elementalist began the quest for
                  | the Orb.
     0 | D:1      | Reached XP level 1. HP: 14/14 MP: 3/3
   142 | D:1      | Reached skill level 1 in Fighting
   187 | D:1      | Reached XP level 2. HP: 18/23 MP: 0/5
   679 | D:1      | Learned a level 2 spell: Passwall
   740 | D:1      | Reached XP level 3. HP: 25/29 MP: 4/6
   752 | D:1      | Learned a level 3 spell: Stone Arrow
  1064 | D:1      | Reached skill level 1 in Conjurations
  1440 | D:2      | Reached XP level 4. HP: 36/36 MP: 8/8
  1835 | D:2      | Noticed Robin
  1882 | D:2      | Killed Robin
  2196 | D:2      | Reached XP level 5. HP: 39/41 MP: 9/9
  2283 | D:2      | Found a snail-covered altar of Cheibriados.
  2401 | D:2      | Found a runed translucent door.
  2402 | D:2      | Noticed Crazy Yiuf
  2410 | D:2      | Killed Crazy Yiuf
  2410 | D:2      | Reached skill level 4 in Earth Magic
  2744 | D:2      | Noticed Sigmund
  2746 | D:2      | Gained mutation: You occasionally shout uncontrollably at
                  | your foes. [potion of mutation]
  2746 | D:2      | Gained mutation: You are dopey. (Int -2) [potion of
                  | mutation]
  2746 | D:2      | Gained mutation: You can translocate small distances at
                  | will. [potion of mutation]
  2749 | D:2      | Mangled by Sigmund

Skill      XL: |  1  2  3  4  5 |
---------------+----------------+-----
Fighting       | 1 2 |  2.0
Conjurations   | 1 2 |  2.6
Spellcasting   | 3 |  3.2
Earth Magic    | 4 |  4.2
Dodging        | |  1.7
Stealth        | |  1.7
Transmutations | |  1.0

Action                   |  1- 3 |  4- 6 || total
-------------------------+-------+-------++-------
Melee: Unarmed           |    34 |       ||    34
       Tailslap          |    10 |     6 ||    16
       Dagger            |    44 |    61 ||   105
       Mace              |       |    60 ||    60
 Cast: Sandblast         |    28 |    22 ||    50
       Stone Arrow       |     2 |     6 ||     8
       Passwall          |       |     2 ||     2
  Use: Scroll            |     3 |     2 ||     5
       Potion            |     2 |     5 ||     7
 Stab: Distracted        |       |     1 ||     1
       Sleeping          |       |     1 ||     1
  Eat: Chunk             |     2 |     5 ||     7
Armor: Skin              |    45 |    64 ||   109
Dodge: Dodged            |   109 |    99 ||   208
